 Dungeon Crawl Stone Soup version 0.20.0-7-g3b7b877 (webtiles) character file.

495 McKennaii the Chopper (level 6, -1/48 HPs)
             Began as a Demonspawn Abyssal Knight on May 29, 2017.
             Was a Believer of Lugonu.
             Slain by Yarijo's ghost (7 damage)
             ... on level 3 of the Dungeon.
             The game lasted 00:05:57 (3221 turns).

McKennaii the Chopper (Demonspawn Abyssal Knight)   Turns: 3221, Time: 00:05:57

Health: -1/48      AC: 12    Str: 14    XL:     6   Next: 92%
Magic:  8/8        EV:  9    Int: 13    God:    Lugonu [**....]
Gold:   170        SH:  8    Dex: 16    Spells: 5/5 levels left

rFire    + . .     SeeInvis .   a - +1 hand axe
rCold    . . .     Gourm    .   q - +0 shield
rNeg     . . .     Faith    +   h - +3 ring mail
rPois    .         Spirit   .   (no helmet)
rElec    .         Reflect  .   (no cloak)
rCorr    .         Harm     .   (no gloves)
MR       +....                  (no boots)
Stlth    +.........             y - amulet of faith
Regen    0.2/turn               t - +3 ring of dexterity
MPRegen  0.2/turn               j - ring of protection from magic

@: no status effects
A: molten scales 3
a: Depart the Abyss, Bend Space, Renounce Religion


You were on level 3 of the Dungeon.
You worshipped Lugonu.
Lugonu was pleased with you.
You were hungry.

You visited 1 branch of the dungeon, and saw 5 of its levels.
You visited the Abyss 1 time.

You collected 170 gold pieces.

Inventory:

Hand Weapons
 a - a +1 hand axe (weapon)
Armour
 h - a +3 ring mail (worn)
 q - a +0 shield (worn)
Jewellery
 i - an uncursed ring of protection from fire
 j - a ring of protection from magic (right hand)
 t - a +3 ring of dexterity (left hand)
 y - an amulet of faith (around neck)
Wands
 b - a wand of confusion (20/48)
 f - a wand of flame (18/48)
 r - a wand of digging (20/24)
Scrolls
 e - a scroll of recharging {unknown}
 g - 6 scrolls of identify {unknown}
 l - 2 scrolls of fear {unknown}
 p - a scroll of amnesia {unknown}
 s - 2 scrolls of enchant armour {unknown}
 w - 3 scrolls of remove curse {unknown}
 A - a scroll of fog {unknown}
Potions
 k - a potion of agility {unknown}
 m - a potion of cancellation {unknown}
 o - a potion of berserk rage {unknown}
 u - a potion of brilliance {unknown}
 v - a potion of degeneration {unknown}
 x - 2 potions of resistance {unknown}
 z - a potion of lignification {unknown}
 B - 3 potions of curing {unknown}
 C - a potion of mutation {unknown}
 E - a potion of flight {unknown}
 F - a potion of heal wounds {unknown}
Comestibles
 c - 2 bread rations
 d - 2 royal jellies
 n - a meat ration
 D - 2 fruits


   Skills:
 + Level 3.9 Fighting
 + Level 4.6 Axes
 + Level 3.0 Armour
 + Level 2.6 Dodging
 + Level 0.2 Stealth
 + Level 1.7 Shields
 + Level 2.7 Invocations


You had 5 spell levels left.
You didn't know any spells.

Dungeon Overview and Level Annotations

Branches:
Dungeon (5/15)             Temple (0/1) D:4

Altars:
Dithmenos
Elyvilon
Uskayaw
Xom

Annotations:
D:3 Yarijo's ghost, amateur KoHu


Innate Abilities, Weirdness & Mutations

You are completely covered in molten scales. (AC +4, rF+)


Message History

Yarijo's ghost is severely damaged.
Yarijo's ghost hits you!
* * * LOW HITPOINT WARNING * * *
Yarijo's ghost hits you but does no damage.
You hit Yarijo's ghost.
Yarijo's ghost is almost destroyed.
Yarijo's ghost hits you but does no damage.
Your shield and ring mail prevent you from hitting Yarijo's ghost.
Yarijo's ghost is almost destroyed.
Yarijo's ghost hits you.
* * * LOW HITPOINT WARNING * * *
You closely miss Yarijo's ghost.
Yarijo's ghost is almost destroyed.
Yarijo's ghost hits you.
* * * LOW HITPOINT WARNING * * *
You closely miss Yarijo's ghost.
Yarijo's ghost is almost destroyed.
Yarijo's ghost effortlessly reloads its weapon.
Yarijo's ghost hits you!
You die...

### ###...# #..W..### #.. ..#
###.###.(<....#######.. ..#
#...#.....#......#### ..####
###...#.)#######....# .(...######
#.#....#### ##....
..##......#####.####....#####.###
#########....)"...........##.....
#######...#.#W####.#######(###.
###.............@............# #.
..........####..####.######..###'
...##########...####.# ##.###_
#### ##..#...##.# #.###'
##..####....#### #.# #. #..##
####....# #.###. #### #####.##
##.#.# #..... ...# #.....#
#.#.####.#..# ...###.#####
#.....).<..##


You could see Yarijo's ghost.

Vanquished Creatures
  An ogre (D:4)
  A scorpion (D:4)
  A howler monkey (D:4)
  A centaur skeleton (D:4)
  A hound (D:4)
  An iguana (D:4)
  An orc wizard (D:4)
  2 worker ants (D:4)
  A howler monkey skeleton (D:4)
  6 adders
  A shadow imp (D:4)
  3 oozes
  4 worms
  A dart slug (D:1)
  3 leopard geckos
  6 orcs
  7 bats
  2 giant cockroaches (D:4)
  9 goblins
  7 hobgoblins
  3 jackals (D:4)
  2 quokkas
  A frilled lizard (D:2)
  A jackal skeleton (D:4)
  5 kobolds
  6 rats
77 creatures vanquished.

Notes
Turn   | Place    | Note
-------+----------+-------------------------------------------
     0 | Abyss:1  | McKennaii the Demonspawn Abyssal Knight began the quest for the Orb.
     0 | Abyss:1  | Reached XP level 1. HP: 18/18 MP: 2/2
    66 | Abyss:1  | Noticed a small abomination
   123 | Abyss:2  | Noticed a ynoxinul
   142 | Abyss:2  | Noticed a small abomination
   153 | D:1      | Escaped the Abyss
   312 | D:1      | Reached skill level 1 in Dodging
   328 | D:1      | Gained mutation: You are partially covered in molten scales. (AC +2) [demonic ancestry]
   328 | D:1      | Reached XP level 2. HP: 24/24 MP: 3/3
   389 | D:1      | Reached * piety under Lugonu
   467 | D:1      | Reached skill level 2 in Axes
   614 | D:2      | Found a shadowy altar of Dithmenos.
   670 | D:2      | Reached XP level 3. HP: 12/29 MP: 3/5
  1160 | D:3      | Found a shimmering altar of Xom.
  1450 | D:3      | Gained mutation: You are mostly covered in molten scales. (AC +3) [demonic ancestry]
  1450 | D:3      | Reached XP level 4. HP: 32/35 MP: 6/6
  1519 | D:3      | Reached ** piety under Lugonu
  1604 | D:3      | Noticed Yarijo's ghost (amateur KoHu)
  2037 | D:4      | Reached skill level 3 in Axes
  2102 | D:4      | Reached XP level 5. HP: 39/41 MP: 7/7
  2131 | D:4      | Found a white marble altar of Elyvilon.
  2193 | D:4      | Reached skill level 1 in Shields
  2228 | D:4      | Noticed an ogre
  2337 | D:4      | Killed an ogre
  2337 | D:4      | Gained mutation: You are completely covered in molten scales. (AC +4, rF+) [demonic ancestry]
  2337 | D:4      | Reached XP level 6. HP: 15/48 MP: 8/8
  2537 | D:4      | Reached skill level 4 in Axes
  2875 | D:4      | Found a staircase to the Ecumenical Temple.
  2980 | D:4      | Found a hide-covered altar of Uskayaw.
  3131 | D:5      | Entered Level 5 of the Dungeon
  3221 | D:3      | Slain by Yarijo's ghost

Skill      XL: |  1  2  3  4  5  6 |
---------------+-------------------+-----
Armour         | 2 3 |  3.0
Dodging        | 1 2 |  2.6
Axes           | 2 3 4 |  4.6
Shields        | 1 |  1.7
Fighting       | |  3.9
Stealth        | |  0.2
Invocations    | |  2.7

Action                   |  1- 3 |  4- 6 || total
-------------------------+-------+-------++-------
Melee: Hand axe          |   123 |   238 ||   361
Invok: Depart the Abyss  |     1 |       ||     1
  Eat: Chunk             |     3 |     5 ||     8
Armor: Ring mail         |    63 |   106 ||   169
       Chain mail        |     9 |       ||     9
Dodge: Dodged            |    67 |    89 ||   156
Block: Shield            |    12 |    92 ||   104
